 Dungeon Crawl Stone Soup version 0.30.1-9-gdf580d7c3d (webtiles) character file.

Game seed: 6797425220517202990

1374 KittyFluff the Covered (level 8, -5/75 HPs)
             Began as a Gargoyle Berserker on Oct 9, 2023.
             Was a Priest of Trog.
             Slain by an orc warrior
             ... wielding a +0 short sword
              (10 damage)
             ... on level 6 of the Dungeon.
             The game lasted 00:13:23 (3835 turns).

KittyFluff the Covered (Gargoyle Berserker)         Turns: 3835, Time: 00:13:25

Health: -5/75      AC:  9    Str: 28    XL:     8   Next: 66%
Magic:  8/8        EV: 12    Int:  9    God:    Trog [***...]
Gold:   311        SH:  0    Dex:  9    Spells: 7/7 levels left

rFire   . . .        n - +1 flail (holy)
rCold   . . .        (no shield)
rNeg    + . .        u - +0 leather armour
rPois   ∞            (no helmet)
rElec   +            (no cloak)
rCorr   .            (no gloves)
SInv    .            (no boots)
Will    .....        (no amulet) Stlth
                     d - +6 ring of strength
HPRegen 0.32/turn    (no ring)
MPRegen 0.11/turn

%: no passive effects
@: berserking, very quick
A: sickness immunity, AC +5, negative energy resistance 1, electricity
resistance, torment resistance 1, petrification resistance
a: Renounce Religion, Berserk, Trog's Hand


You were on level 6 of the Dungeon.
You worshipped Trog.
Trog was most pleased with you.
You visited 1 branch of the dungeon, and saw 6 of its levels.

You collected 311 gold pieces.

Inventory:

Hand Weapons
 k - a +0 sling
 n - a +1 flail of holy wrath (weapon)
Missiles
 l - 8 poisoned darts (quivered)
 m - 2 boomerangs
Armour
 u - a +0 leather armour (worn)
 C - the +3 leather armour of the Oily Alphagorgon {-Tele rPois Str+3 Stlth+}
   (You found it on level 6 of the Dungeon)

   Str:       It affects your strength (+3).
   rPois:     It protects you from poison.
   -Tele:     It prevents most forms of teleportation.
   Stlth:     It makes you more stealthy.
Jewellery
 d - a +6 ring of strength (left hand)
Wands
 w - a wand of charming (10)
Scrolls
 a - 2 scrolls of butterflies {unknown}
 b - 4 scrolls of identify {unknown}
 j - 3 scrolls of blinking {unknown}
 p - 2 scrolls of vulnerability {unknown}
 q - a scroll of poison {unknown}
 r - 2 scrolls of amnesia {unknown}
 s - a scroll of teleportation {unknown}
 t - 2 scrolls of torment {unknown}
 v - 3 scrolls of enchant armour {unknown}
 y - 2 scrolls of fog {unknown}
 B - a scroll of silence {unknown}
Potions
 c - a potion of ambrosia {unknown}
 e - 2 potions of heal wounds {unknown}
 f - 4 potions of resistance {unknown}
 g - 4 potions of curing {unknown}
 h - a potion of invisibility {unknown}
 i - a potion of magic {unknown}
 o - a potion of degeneration {unknown}
 x - a potion of attraction {unknown}
 z - a potion of mutation {unknown}
 A - a potion of flight {unknown}


   Skills:
 + Level 5.5 Fighting
 * Level 6.7 Maces & Flails
 * Level 6.9 Armour
 + Level 3.7 Dodging


You had 7 spell levels left.
You didn't know any spells.
Your spell library was empty.

Dungeon Overview and Level Annotations

Branches:
Dungeon (6/15)
 Temple: D:4-7

Altars:
Cheibriados
Okawaru
Ru
Vehumet


Innate Abilities, Weirdness & Mutations

You are immune to sickness and miasma.
Your stone body is resilient. (AC +5)
You are immune to poison.
You resist negative energy. (rN+)
You are resistant to electric shocks. (rElec)
You are resistant to unholy torment.
You are immune to petrification.


Message History

Pain shoots through your body!
The orc priest invokes the aid of Beogh against you.
Beogh smites you!
There is an open door here.
You sock the orc priest!
The orc priest is heavily wounded.
The orc priest hits you with a +0 short sword.
The orc warrior hits you with a +0 short sword!
* * * LOW HITPOINT WARNING * * *
You closely miss the orc priest.
The orc priest is heavily wounded.
The orc priest looks encouraged for a moment.
The orc priest hits you but does no damage.
The orc warrior hits you with a +0 short sword.
* * * LOW HITPOINT WARNING * * *
The orc priest attacks as you move away!
The orc priest hits you but does no damage.
The orc warrior attacks as you move away!
The orc warrior hits you with a +0 short sword.
* * * LOW HITPOINT WARNING * * *
The orc priest calls upon Beogh to heal the orc priest.
The orc priest is healed somewhat.
A red film seems to cover your vision as you go berserk!
You feel yourself moving faster!
You feel mighty!
The orc priest hits you but does no damage.
You bludgeon the orc priest!!
You kill the orc priest!
Trog accepts your kill.
The orc priest invokes the aid of Beogh against you.
Pain shoots through your body!
* * * LOW HITPOINT WARNING * * *
You closely miss the orc warrior. You sock the orc warrior!
The orc warrior is heavily wounded.
The orc warrior hits you with a +0 short sword!
* * * LOW HITPOINT WARNING * * *
You hit the orc warrior but do no damage.
The orc warrior is heavily wounded.
The orc warrior hits you with a +0 short sword!
You die...

#...################ #......#
#................# #.####.#
#...###########.##.#####.####.#
# ##...#.........##.#
#.....######.#.##.# ##...##
#.#.##.## ##.## #.......# #.#
#.......# #@# #.#...#.# ##o##
#.###.#.# #.o.# #........
#.....# #.###.##. #.......#
#..##.##.
#.........####...#.##.
+.........+ .......##.
#.........# #...####.
##.......## #...# #.


You could see an orc warrior and an orc priest.

Vanquished Creatures
  Menkaure (D:4)
  2 ice beasts
  2 black bears (D:5)
  3 phantoms
  A scorpion (D:5)
  A water moccasin skeleton (D:5)
  A howler monkey (D:5)
  2 centaur zombies (D:5)
  A jelly (D:4)
  An orc priest (D:6)
  A hound (D:5)
  A bullfrog skeleton (D:5)
  4 iguanas
  Jessica (D:3)
  Natasha (D:3)
  Terence (D:2)
  A hound skeleton (D:5)
  7 adders
  A white imp (D:6)
  2 worms
  4 dart slugs
  6 orcs
  4 endoplasms
  2 giant cockroaches
  5 goblins
  2 hobgoblins (D:1)
  3 quokkas
  6 ball pythons
  A bat (D:3)
  5 frilled lizards
  7 kobolds
  9 rats
89 creatures vanquished.

Notes
Turn   | Place    | Note
-------+----------+-------------------------------------------
     0 | D:1      | KittyFluff the Gargoyle Berserker began the quest for the
                  | Orb.
     0 | D:1      | Reached XP level 1. HP: 14/14 MP: 1/1
    59 | D:1      | Reached XP level 2. HP: 18/19 MP: 2/2
   756 | D:2      | Reached XP level 3. HP: 23/23 MP: 3/3
   848 | D:2      | Reached ** piety under Trog
  1124 | D:2      | Noticed Terence
  1125 | D:2      | Found a snail-covered altar of Cheibriados.
  1135 | D:2      | Killed Terence
  1136 | D:2      | Reached XP level 4. HP: 7/29 MP: 4/4
  1330 | D:3      | Noticed Jessica
  1336 | D:3      | Killed Jessica
  1344 | D:3      | Reached XP level 5. HP: 30/33 MP: 5/5
  1373 | D:3      | Noticed Natasha
  1388 | D:3      | Killed Natasha
  1488 | D:3      | You fall into a shaft and drop 2 floors!
  1488 | D:5      | Entered Level 5 of the Dungeon
  1524 | D:4      | Noticed an ice beast
  1549 | D:4      | Killed an ice beast
  1550 | D:4      | Reached XP level 6. HP: 19/38 MP: 6/6
  1835 | D:4      | Noticed Menkaure
  1842 | D:4      | Killed Menkaure
  1843 | D:4      | Reached skill level 5 in Maces & Flails
  1988 | D:4      | Reached XP level 7. HP: 44/44 MP: 7/7
  2023 | D:4      | Found a sacrificial altar of Ru.
  2526 | D:5      | Reached skill level 5 in Armour
  2673 | D:5      | HP: 1/44 [ice beast (7)]
  2973 | D:5      | Reached skill level 5 in Fighting
  3087 | D:5      | Reached XP level 8. HP: 48/49 MP: 8/8
  3140 | D:5      | Reached *** piety under Trog
  3242 | D:5      | Found a radiant altar of Vehumet.
  3492 | D:5      | Found an iron altar of Okawaru.
  3679 | D:6      | Identified the +3 leather armour of the Oily Alphagorgon
                  | {-Tele rPois Str+3 Stlth+}
  3835 | D:6      | Slain by an orc warrior

Illustrated notes

Levels and vault maps discovered:
D:1:      amcnicky_arrival_abandoned_market, layout_basic
D:2:      layout_basic, basic_altar, uniq_terence
D:3:      layout_rooms, uniq_jessica, uniq_natasha
D:4:      layout_basic, nicolae_ru_awakened_eye, minivault_19, uniq_menkaure
D:5:      layout_loops_ring, okawaru_ov_weapons_minmay, lemuel_round_altar,
          serial_undead, serial_undead_e, serial_undead_c, serial_undead_c,
          serial_undead_d
D:6:      layout_loops_corners, chequers_temple_overflow_statue_of_worship,
          st_stairs_7, minmay_ruffians, uniq_crazy_yiuf_cottage

Skill      XL: |  1  2  3  4  5  6  7 |
---------------+----------------------+-----
Armour         | 3 4 6 |  6.9
Dodging        | 2 3 |  3.7
Maces & Flails | 4 5 6 |  6.7
Fighting       | 4 5 |  5.5

Action                     |  1- 3 |  4- 6 |  7- 9 || total
---------------------------+-------+-------+-------++-------
  Melee: Mace              |    95 |     4 |       ||    99
         Flail             |       |    82 |   137 ||   219
         Punch             |       |     1 |     2 ||     3
 Invoke: Berserk           |       |     1 |     2 ||     3
 Armour: Animal skin       |    32 |    28 |       ||    60
         Leather armour    |       |     8 |    57 ||    65
  Dodge: Dodged            |    60 |    41 |    65 ||   166
